 Dungeon Crawl Stone Soup version 0.27.1-34-g3ba077fa99 (webtiles) character file.

Game seed: 2942700765298351105

1134 DerDa the Ducker (level 8, -4/61 HPs)
             Began as a Djinni Fire Elementalist on Jan 5, 2022.
             Slain by an unseen horror (7 damage)
             ... on level 5 of the Dungeon.
             The game lasted 00:22:11 (5142 turns).

DerDa the Ducker (Djinni Fire Elementalist)         Turns: 5142, Time: 00:22:12

Health: -4/61      AC:  0    Str:  7    XL:     8   Next: 63%
Gold:   145        EV: 14    Int: 20    God:
                   SH:  0    Dex: 13

rFire    + + +     SeeInvis .   q - +7 rapier "Filul" {vorpal, rElec}
rCold    x . .     Faith    .   (no shield)
rNeg     . . .     Spirit   .   (no armour)
rPois    ∞         Reflect  .   (no helmet)
rElec    +         Harm     .   e - scarf {rC+ rF+}
rCorr    .         Rampage  .   (no gloves)
Will     .....                  (boots unavailable)
Stlth    ++........             p - amulet of the acrobat
HPRegen  0.20/turn              l - ring of fire
MPRegen  0.00/turn              (no ring)

@: about to teleport, flying, studying 2 skills
A: sickness immunity, fire resistance 2, cold vulnerability 1, float, innate
caster, hp casting, extra vitality 1
a: no special abilities


You were on level 5 of the Dungeon.
You visited 1 branch of the dungeon, and saw 5 of its levels.

You collected 145 gold pieces.

Inventory:

Hand Weapons
 f - the +2 flail "Pegoelu" {venom, Fly rCorr Str+4 Stlth-}
   (You found it on level 3 of the Dungeon)

   It poisons the flesh of those it strikes.
   Str:       It affects your strength (+4).
   Fly:       It grants you flight.
   rCorr:     It protects you from acid and corrosion.
   Stlth:     It makes you less stealthy.
 q - the +7 rapier "Filul" (weapon) {vorpal, rElec}
   (You found it on level 3 of the Dungeon)

   It inflicts extra damage upon your enemies.
   rElec:     It insulates you from electricity.
 r - a +0 scythe of venom
Missiles
 i - 122 stones
 o - 12 poisoned darts
Armour
 e - a scarf of resistance (worn)
Magical Staves
 k - a staff of death
Jewellery
 l - a ring of fire (left hand)
 p - an amulet of the acrobat (around neck)
Scrolls
 b - a scroll of magic mapping {unknown}
 c - a scroll of vulnerability
 g - 3 scrolls of immolation
 h - a scroll of fog
Potions
 a - a potion of brilliance {unknown}
 d - a potion of mutation {unknown}
 j - a potion of attraction {unknown}


   Skills:
 * Level 5.7 Fighting
 * Level 6.9 Dodging
 - Level 1.6 Stealth
 * Level 4.2 Spellcasting
 * Level 1.1 Evocations


You couldn't memorise any spells.
You knew the following spells:

 Your Spells              Type           Power      Damage    Failure   Level
a - Foxfire               Conj/Fire      100%       2x1d9     2%          1
b - Conjure Flame         Conj/Fire      31%        6-21      7%          3
c - Inner Flame           Hex/Fire       31%        N/A       7%          3
d - Sticky Flame          Conj/Fire      31%        2d5       22%         4
e - Fireball              Conj/Fire      15%        3d8       52%         5
f - Animate Skeleton      Necr           42%        N/A       2%          1
g - Call Imp              Summ           21%        N/A       3%          2
h - Summon Guardian Gole  Hex/Summ       21%        N/A       7%          3
Your spell library was empty.

Dungeon Overview and Level Annotations

Branches:
Dungeon (5/15)
 Temple: D:4-7

Altars:
Elyvilon
Gozag
Uskayaw
Xom


Innate Abilities, Weirdness & Mutations

You are immune to sickness and miasma.
You are immune to poison.
Your flesh is very heat resistant. (rF++)
You are vulnerable to cold. (rC-)
You float through the air rather than walking.
You learn spells naturally, not from books.
Your magical power is your life essence.
You have superior vitality. (+4 HP)


Message History

The centaur kicks your crimson imp.
Your white imp gestures at the centaur.
The puff of frost hits the centaur!
Your crimson imp barely misses the centaur.
The centaur hits your white imp with a +0 dagger.
The centaur barely misses your white imp.
Your white imp hits the centaur.
Your white imp freezes the centaur.
The centaur dies!
Your Evocations skill increases to level 1!
Your crimson imp disappears in a puff of smoke!
Your crimson imp blinks!
Your white imp disappears in a puff of smoke!
Your crimson imp disappears in a puff of smoke!
HP restored.
Things that are here:
a +0 dagger; a +0 shortbow; 15 arrows Something hits you!
Deactivating autopickup; reactivate with Ctrl-A.
Something hits you. Something misses you. Something closely misses you.
Casting: Foxfire (safe; 2% risk of failure)
Confirm with . or Enter, or press ? or * to list all spells.
A beastly little devil appears in a puff of flame.
Something hits you! Something hits you! Something barely misses you.
Something hits you!
* * * LOW HITPOINT WARNING * * *
Something hits you.
* * * LOW HITPOINT WARNING * * *
Something hits your crimson imp.
Your crimson imp closely misses something.
Something misses you.
Your crimson imp barely misses something.
Something completely misses you. Something closely misses you.
Something barely misses you. Something hits you!
* * * LOW HITPOINT WARNING * * *
As you read the scroll of teleportation, it crumbles to dust.
You feel strangely unstable. Something hits you!
You die...

####### .....)# #####
......# #...# ......##
#...# .......######<..#
..[....)....#...#
####..#####.....#########
##....####...@..5....##
####..# #...#######..#
#######.###.#.# ##...#
#.....#.....#.####
###.....
#..................
.#....
#.....##.#.......## . ...
#####.##.#.......# #. ..
#.##.#.......# .# #
#.##.#.....<.# #


You could see a friendly crimson imp (summoned).

Vanquished Creatures
  Sigmund (D:3)
  Menkaure (D:4)
  Purgy (D:3)
  A necrophage (D:4)
  A scorpion (D:4)
  A hound (D:4)
  A jelly (D:4)
  A centaur skeleton (D:4)
  2 iguanas
  2 orc wizards (D:4)
  A killer bee zombie (D:4)
  A hound skeleton (D:4)
  2 gnolls (D:4)
  7 adders
  An adder skeleton (D:4)
  3 worms
  8 dart slugs
  6 orcs (D:4)
  4 ball pythons
  7 endoplasms
  5 giant cockroaches
  8 goblins
  5 hobgoblins (D:1)
  3 jackals (D:1)
  A quokka (D:2)
  9 bats
  A frilled lizard (D:2)
  7 kobolds
  A rat (D:2)
92 creatures vanquished.

Vanquished Creatures (collateral kills)
  An orc warrior (D:4)
  A centaur (D:5)
  The ghost of Stajl the Vandal, a weakling SpHu (D:3)
  A jelly (D:3)
  A gnoll shaman (D:4)
  2 hounds (D:4)
  A gnoll (D:4)
8 creatures vanquished.

Vanquished Creatures (others)
  291 foxfires
291 creatures vanquished.

Grand Total: 391 creatures vanquished

Notes
Turn   | Place    | Note
-------+----------+-------------------------------------------
     0 | D:1      | DerDa the Djinni Fire Elementalist began the quest for the
                  | Orb.
     0 | D:1      | Reached XP level 1. HP: 15/15 MP: 0/0
   129 | D:1      | Reached XP level 2. HP: 16/21 MP: 0/0
   521 | D:1      | Found a faded altar of an unknown god.
   566 | D:1      | Reached XP level 3. HP: 24/26 MP: 0/0
   566 | D:1      | Learned a level 1 spell: Animate Skeleton
   646 | D:1      | Reached skill level 1 in Fighting
  1436 | D:2      | Reached skill level 3 in Dodging
  1616 | D:2      | Reached XP level 4. HP: 30/32 MP: 0/0
  2280 | D:3      | Noticed Purgy
  2292 | D:3      | Killed Purgy
  2293 | D:3      | Reached skill level 4 in Dodging
  2293 | D:3      | Reached XP level 5. HP: 33/39 MP: 0/0
  2293 | D:3      | Learned a level 2 spell: Call Imp
  2345 | D:3      | Found a runed translucent door.
  2394 | D:3      | Noticed Stajl's ghost (weakling SpHu)
  2520 | D:3      | Found Kyup's Weapon Boutique.
  2564 | D:3      | Reached XP level 6. HP: 41/45 MP: 0/0
  2591 | D:3      | Found a white marble altar of Elyvilon.
  2685 | D:3      | Noticed Sigmund
  2703 | D:3      | Killed Sigmund
  2704 | D:3      | Reached skill level 5 in Dodging
  2704 | D:3      | Reached XP level 7. HP: 39/51 MP: 0/0
  2704 | D:3      | Learned a level 3 spell: Summon Guardian Golem
  3043 | D:3      | Killed Stajl's ghost
  3049 | D:3      | Identified the +2 flail "Pegoelu" {venom, Fly rCorr Str+4
                  | Stlth-}
  3054 | D:3      | Identified the +7 rapier "Filul" {vorpal, rElec}
  3140 | D:4      | Found a hide-covered altar of Uskayaw.
  3196 | D:4      | Identified a scroll of acquirement
  3196 | D:4      | Acquired a manual of Short Blades
  3984 | D:4      | Reached skill level 5 in Fighting
  3984 | D:4      | Reached skill level 6 in Dodging
  3984 | D:4      | Reached XP level 8. HP: 48/59 MP: 0/0
  4580 | D:4      | Found an opulent altar of Gozag.
  4618 | D:4      | Found a shimmering altar of Xom.
  4806 | D:4      | Noticed Menkaure
  4816 | D:4      | Killed Menkaure
  4957 | D:5      | Entered Level 5 of the Dungeon
  5038 | D:5      | Reached skill level 1 in Evocations
  5141 | D:5      | HP: 3/61 [something (12)]
  5142 | D:5      | Slain by an unseen horror

Illustrated notes

Levels and vault maps discovered:
D:1:      dpeg_arrival_houses_and_road, layout_loops_corners,
          chequers_ecumenical_altar_island
D:2:      layout_loops_ring
D:3:      layout_rooms, nicolae_overflow_crystal_walls,
          ebering_ghost_inner_flame, serial_shops, shop, uniq_sigmund,
          uniq_purgy
D:4:      minmay_angry_zag, layout_basic, mainiacjoe_overflow_surrounded_room,
          grunt_gozag_statues, lemuel_tele_altar, enter_ossuary_5,
          minmay_manual_monstrance, uniq_menkaure
D:5:      layout_rooms, nicolae_wu_jian_wuxing_cycle, marbit_many_paths,
          minmay_temple_entry_large_hall, serial_shops, shop_fountains,
          uniq_pikel

Skill      XL: |  1  2  3  4  5  6  7  8 |
---------------+-------------------------+-----
Fighting       | 1 2 3 5 |  5.7
Dodging        | 3 4 5 6 |  6.9
Spellcasting   | 3 4 |  4.2
Evocations     | 1 |  1.1
Stealth        | |  1.6

Action                   |  1- 3 |  4- 6 |  7- 9 || total
-------------------------+-------+-------+-------++-------
Melee: Dagger            |     2 |       |       ||     2
       Short sword       |     7 |     4 |       ||    11
       Rapier            |       |       |    22 ||    22
       Scythe            |       |       |     2 ||     2
 Cast: Foxfire           |    43 |    60 |    85 ||   188
       Conjure Flame     |       |     2 |       ||     2
       Call Imp          |       |       |    16 ||    16
  Use: Scroll            |       |       |     7 ||     7
 Stab: Distracted        |       |       |     1 ||     1
Armor: Robe              |     4 |     1 |       ||     5
Dodge: Dodged            |    15 |    11 |    28 ||    54
